 Dungeon Crawl Stone Soup version 0.30-a0-605-gb2882149bf (webtiles) character file.

Game seed: 784052339334332968

92 OTABOTABOTAB the Digger (level 4, -16/24 HPs)
             Began as a Deep Elf Earth Elementalist on Jan 8, 2023.
             Demolished by an ogre
             ... wielding a +0 giant club
              (22 damage)
             ... on level 3 of the Dungeon.
             The game lasted 00:04:30 (2296 turns).

OTABOTABOTAB the Digger (DEEE)                      Turns: 2296, Time: 00:04:30

Health: -16/24     AC:  3    Str:  5    XL:     4   Next: 35%
Magic:  7/12       EV: 12    Int: 22    God:
Gold:   166        SH:  5    Dex: 15    Spells: 7/11 levels left

rFire   . . .      SeeInvis .    d - +0 club
rCold   . . .      Faith    .    (no shield)
rNeg    . . .      Spirit   .    a - +0 robe
rPois   .          Reflect  +    (no helmet)
rElec   .          Harm     .    (no cloak)
rCorr   .          Rampage  .    (no gloves)
Will    .....                    r - +0 pair of boots
Stlth   ++                       t - amulet of reflection
HPRegen 0.24/turn                (no ring)
MPRegen 0.13/turn                (no ring)

@: no status effects
A: no striking features
a: no special abilities


You were on level 3 of the Dungeon.
You visited 1 branch of the dungeon, and saw 3 of its levels.

You collected 166 gold pieces.

Inventory:

Hand Weapons
 d - a +0 club (weapon)
   (You found it on level 1 of the Dungeon)
Missiles
 s - 15 stones
Armour
 a - a +0 robe (worn)
 r - a +0 pair of boots (worn)
   (You found it on level 2 of the Dungeon)
Jewellery
 f - a ring of fire {rF+, rC-}
   (You found it on level 2 of the Dungeon)
 t - an amulet of reflection (around neck)
   (You found it on level 3 of the Dungeon)
Wands
 o - a wand of light (8)
   (You found it on level 2 of the Dungeon)
Scrolls
 c - 2 scrolls of fear {unknown}
 h - a scroll of amnesia {unknown}
 i - 6 scrolls of teleportation {unknown}
 k - a scroll of torment {unknown}
 l - 2 scrolls of summoning {unknown}
 m - a scroll of vulnerability {unknown}
 n - 5 scrolls of identify {unknown}
 p - a scroll of poison {unknown}
 q - a scroll of noise {unknown}
Potions
 b - a potion of haste {unknown}
 e - a potion of brilliance {unknown}
 g - 2 potions of lignification {unknown}
 j - 4 potions of degeneration {unknown}
 M - a potion of magic


   Skills:
 - Level 2.4 Dodging
 - Level 2.4 Stealth
 + Level 4.0 Spellcasting
 * Level 3.0 Conjurations
 - Level 1.1 Transmutations
 + Level 4.0 Earth Magic


You had 7 spell levels left.
You knew the following spells:

 Your Spells              Type           Power      Damage    Failure   Level
a - Sandblast             Erth           44%        2d11      1%          1
x - Stone Arrow           Conj/Erth      40%        3d9       8%          3

Your spell library contained the following spells:

 Spells                   Type           Power      Damage    Failure   Level
 Passwall                 Tmut/Erth      12%        N/A       6%          2
 Cigotuvi's Dreadful Rot  Necr/Pois/Air  8%         N/A       17%         2
 Ensorcelled Hibernation  Hex/Ice        8%         N/A       17%         2
 Poisonous Vapours        Pois/Air       8%         N/A       17%         2
 Mephitic Cloud           Conj/Pois/Air  8%         N/A       22%         3
 Spider Form              Tmut/Pois      6%         N/A       26%         3
 Gell's Gravitas          Tloc           4%         N/A       32%         3
 Lesser Beckoning         Tloc           8%         N/A       32%         3
 Teleport Other           Tloc           4%         N/A       32%         3
 Petrify                  Tmut/Erth      15%        N/A       36%         4
 Anguish                  Hex/Necr       2%         N/A       73%         4


Dungeon Overview and Level Annotations

Branches:
Dungeon (3/15)

Altars:

Shops:
D:1 *


Message History

A kobold is nearby!
The kobold shouts!
The blast of sand hits the kobold!
You kill the kobold!
You now have 10/11 mp.
No target in view!
No target in view!
You see here a +0 whip.
You see here a rat skeleton.
Partly explored, can't reach some places.
MP restored: 11 Partly explored, can't reach some places.
Partly explored, can't reach some places.
(D) Dungeon
Where to? (Enter - D:2, ? - help)
There is a stone staircase leading down here.
You climb downwards.
Found a scroll labelled KETEAFIUSO and a scroll labelled XYZXUU XUJU.
Found an escape hatch in the ceiling.
There is a stone staircase leading up here.
c - 2 scrolls labelled KETEAFIUSO (gained 1)
n - 5 scrolls labelled XYZXUU XUJU (gained 1)
Found a stone staircase leading down.
o - a wand of light (8) (gained 5 charges)
Found an escape hatch in the floor.
A bat comes into view.
The blast of sand hits the bat!
You kill the bat!
You now have 10/11 mp.
Found a stone staircase leading up.
MP restored: 11
Found a stone staircase leading down.
You now have 146 gold pieces (gained 18).
An adder comes into view.
An adder is nearby!
An endoplasm comes into view.
Aim: an adder (asleep, 100% to hit)
The blast of sand hits the adder!
The adder hisses angrily.
You now have 10/11 mp.
Aim: an adder (severely wounded, 72% to hit)
The blast of sand hits the adder!!
You kill the adder!
The endoplasm quivers.
Your Conjurations skill increases to level 3!
You now have 9/11 mp.
Aim: an endoplasm (98% to hit)
The blast of sand hits the endoplasm!
You kill the endoplasm!
Your Spellcasting skill increases to level 4!
You now have 8/12 mp.
t - an amulet of reflection MP restored: 12 You start putting on your amulet.
You continue putting on your amulet of reflection. x5
You finish putting on your amulet of reflection.
You feel a shielding aura gather around you.
t - an amulet of reflection (around neck)
A kobold comes into view. It is wielding a +0 dagger.
A kobold is nearby!
The blast of sand hits the kobold!
You kill the kobold!
You now have 11/12 mp.
A hobgoblin comes into view.
MP restored: 12 You miscast Sandblast.
You are very lightly contaminated with residual magic.
Nothing appears to happen.
You now have 11/12 mp.
The blast of sand hits the hobgoblin!
You kill the hobgoblin!
You now have 10/12 mp.
Your magical contamination has completely faded away.
s - 15 stones (gained 3)
Things that are here:
a +0 dagger; a kobold corpse You now have 166 gold pieces (gained 20).
An ogre comes into view. It is wielding a +0 giant club.
MP restored: 12 The blast of sand hits the ogre!
The ogre shouts!
You now have 11/12 mp.
Okay, then.
The spell is quite dangerous to miscast (8% risk of failure)!
Continue anyway?
Aim: an ogre, wielding a +0 giant club (moderately wounded, 86% to hit)
The stone arrow hits the ogre!
The ogre hits you with a +0 giant club!!
Ouch! That really hurt!
* * * LOW HITPOINT WARNING * * *
You take 18 damage, and have 6/24 hp.
MASSIVE DAMAGE!!
You now have 8/12 mp.
Sorry, you're not good enough to have a special ability.
Unknown command.
Unknown command.
Aim: an ogre, wielding a +0 giant club (severely wounded, 92% to hit)
The blast of sand hits the ogre.
The ogre hits you with a +0 giant club!!
Ouch! That really hurt!
You die...

.#...........#
.#..##.#.....# .#
....##.#.....# .###
..........#### ...#
.#..#..##.########...#
.......##.#..........#
....#..........# .#
.##.#..##.#.##.##.#.#
.......##.#.##..@...#
...... ..#.#####O###
#### ####.# .# #.. .#
### ##


You could see an ogre.

Vanquished Creatures
  A gnoll (D:1)
  2 adders
  2 dart slugs
  7 bats
  7 endoplasms
  5 giant cockroaches
  A goblin (D:2)
  9 hobgoblins
  2 jackals (D:1)
  2 quokkas (D:2)
  A ball python (D:1)
  3 frilled lizards (D:2)
  6 kobolds
  7 rats
55 creatures vanquished.

Notes
Turn   | Place    | Note
-------+----------+-------------------------------------------
     0 | D:1      | OTABOTABOTAB the Deep Elf Earth Elementalist began the
                  | quest for the Orb.
     0 | D:1      | Reached XP level 1. HP: 10/10 MP: 6/6
   171 | D:1      | Reached skill level 1 in Conjurations
   172 | D:1      | Reached XP level 2. HP: 6/15 MP: 4/8
   363 | D:1      | Found Geuba's Assorted Antiques.
   710 | D:1      | Reached skill level 2 in Conjurations
   710 | D:1      | Reached XP level 3. HP: 19/19 MP: 6/10
   714 | D:1      | Learned a level 3 spell: Stone Arrow
  1376 | D:2      | Reached XP level 4. HP: 24/24 MP: 7/11
  1779 | D:2      | Reached skill level 4 in Earth Magic
  2190 | D:3      | Reached skill level 3 in Conjurations
  2191 | D:3      | Reached skill level 4 in Spellcasting
  2293 | D:3      | Noticed an ogre
  2295 | D:3      | HP: 6/24 [ogre/+0 giant club (18)]
  2296 | D:3      | Demolished by an ogre

Illustrated notes

Levels and vault maps discovered:
D:1:      dpeg_arrival_castle, layout_loops_ring, serial_shops,
          nicolae_shop_trees, kennysheep_flooded_box
D:2:      layout_rooms, serial_aquarium, aquarium_bridge_straight
          [aquarium_subvault_bridge, aquarium_subvault_wall,
          aquarium_subvault_bridge, aquarium_subvault_balcony],
          aquarium_window_fake, aquarium_window_fake,
          aquarium_window_corridor_2, aquarium_window_2, aquarium_view_2d,
          aquarium_balcony_double_4, fountainhead, minmay_misc_feat_columns,
          minivault_4, minmay_misc_feat_rugged, minmay_close_crescents
D:3:      layout_loops_cross, minmay_vboxes, uniq_crazy_yiuf_cottage, uniq_ijyb

Skill      XL: |  1  2  3  4 |
---------------+-------------+-----
Conjurations   | 1 2 3 |  3.0
Earth Magic    | 4 |  4.0
Spellcasting   | 4 |  4.0
Dodging        | |  2.4
Stealth        | |  2.4
Transmutations | |  1.1

Action                   |  1- 3 |  4- 6 || total
-------------------------+-------+-------++-------
Melee: Club              |     4 |     1 ||     5
Throw: Stone             |     2 |       ||     2
 Cast: Sandblast         |    52 |    20 ||    72
       Stone Arrow       |       |     1 ||     1
Armor: Robe              |     6 |     1 ||     7
Dodge: Dodged            |    19 |       ||    19

Table legend: (Time is in decaauts)
 A = Elapsed time spent in this place.
 B = Non-inter-level travel time spent in this place.
 C = Inter-level travel time spent in this place.
 D = Time resting spent in this place.
 E = Time spent auto-exploring this place.
 F = Levels seen in this place.
 G = Mean time per level.
                   A        B        C        D        E       F      G
               +--------+--------+--------+--------+--------+-----+--------+
         Total |   2341 |   2293 |     48 |    156 |   1838 |   3 |  780.3 |
       Dungeon |   2341 |   2293 |     48 |    156 |   1838 |   3 |  780.3 |
               +--------+--------+--------+--------+--------+-----+--------+

Top non-repeatable levels by time:
     D:1: 1186 daAuts
     D:2: 948 daAuts
     D:3: 206 daAuts

Table legend:
 A = Kills in this place as a percentage of kills in entire the game.
 B = Kills by you in this place as a percentage of kills by you in the entire game.
 C = Kills by friends in this place as a percentage of kills by friends in the entire game.
 D = Other kills in this place as a percentage of other kills in the entire game.
 E = Experience gained in this place as a percentage of experience gained in the entire game.
 F = Experience gained in this place divided by the number of levels of this place that you have seen.
                   A       B       C       D       E      F
               +-------+-------+-------+-------+-------+----------------------
         Total | 100.0 | 100.0 |   N/A |   N/A | 100.0 |  44.0
       Dungeon | 100.0 | 100.0 |   N/A |   N/A | 100.0 |  44.0
               +-------+-------+-------+-------+-------+----------------------
